Map: Amphion LE

Players

trigger

  • Race: Protoss Protoss
  • League: Grandmaster
  • Spawn Location: 11:00

Mixu - Winner!

  • Race: Zerg Zerg
  • League: Grandmaster
  • Spawn Location: 7:00

Event: HomeStory Cup XXV

VOD

Have the link to the VOD?

Description

Time

  • Played on: June 22, 2024, 12:08 p.m.
  • Length: 17:13

All games in this series

Show
View Real Time Build Order
Export as new Build Order

trigger Protoss 

Build Orders: 1 Gate Expand, Chargelot Immortal 

Get SALT Encoding   

  12  0:00  Probe  
  13  0:12  Probe  
  14  0:21  Pylon  
  14  0:24  Probe  
  15  0:35  Assimilator  
  15  0:39  Probe (Chrono Boost)  
  16  0:48  Probe (Chrono Boost)  
  17  0:50  Gateway  
  17  0:53  Probe  
  18  1:05  Probe  
  19  1:17  Probe  
  20  1:25  Nexus  
  20  1:36  Cybernetics Core  
  20  1:41  Assimilator  
  20  1:43  Probe  
  21  1:50  Pylon  
  21  1:55  Probe  
  22  2:08  Probe (Chrono Boost)  
  23  2:12  Stalker  
  23  2:13  Warp Gate  
  25  2:17  Probe (Chrono Boost)  
  25  2:21  Robotics Facility  
  26  2:22  Probe (Chrono Boost)  
  27  2:34  Probe (Chrono Boost)  
  28  2:38  Gateway  
  29  2:44  Probe x2 (Chrono Boost)  
  32  2:53  Probe x2  
  34  3:05  Probe x2 (Chrono Boost)  
  36  3:08  Observer, Robotics Bay  
  35  3:13  Pylon  
  35  3:17  Probe x2 (Chrono Boost)  
  37  3:22  Probe x2 (Chrono Boost)  
  39  3:28  Warp Prism (Chrono Boost)  
  39  3:31  Probe  
  42  3:35  Probe  
  43  3:43  Probe  
  43  3:47  Pylon  
  43  3:48  Probe  
  45  3:55  Disruptor (Chrono Boost), Probe, Gravitic Drive  
  50  4:06  Nexus  
  50  4:10  Adept x2  
  50  4:13  Pylon  
  54  4:18  Probe x2  
  56  4:28  Disruptor (Chrono Boost)  
  56  4:29  Pylon  
  60  4:32  Adept x2  
  60  4:35  Probe  
  65  4:38  Probe  
  65  4:40  Assimilator  
  65  4:42  Assimilator  
  65  4:45  Shield Battery  
  66  4:47  Probe  
  67  4:53  Probe  
  67  4:56  Forge  
  67  4:59  Probe  
  69  5:02  Immortal (Chrono Boost)  
  69  5:05  Probe  
  74  5:11  Probe  
  75  5:17  Gateway, Probe  
  75  5:18  Gateway  
  76  5:25  Sentry x2  
  76  5:26  Probe  
  76  5:27  Probe  
  82  5:34  Immortal (Chrono Boost)  
  82  5:38  Probe (Chrono Boost)  
  82  5:41  Twilight Council, Probe x2 (Chrono Boost)  
  89  5:46  Photon Cannon  
  89  5:48  Protoss Ground Weapons Level 1  
  89  5:50  Probe (Chrono Boost)  
  89  5:55  Probe (Chrono Boost)  
  92  5:58  Probe (Chrono Boost)  
  92  5:59  Probe (Chrono Boost)  
  93  6:09  Pylon  
  93  6:10  Charge, Pylon  
  93  6:12  Pylon  
  93  6:17  Assimilator, Photon Cannon  
  93  6:20  Pylon  
  93  6:27  Pylon, Immortal (Chrono Boost)  
  93  6:28  Zealot x4  
  105  6:39  Shield Battery  
  105  6:40  Photon Cannon  
  105  6:44  Gateway  
  105  6:47  Gateway  
  105  6:56  Gateway  
  105  6:57  Immortal (Chrono Boost)  
  105  6:58  Gateway  
  105  7:00  Probe x3  
  112  7:04  Templar Archives  
  112  7:06  Assimilator  
  112  7:18  Stalker x4  
  120  7:25  Immortal (Chrono Boost)  
  120  7:33  Observer  
  120  7:35  Photon Cannon  
  120  7:38  Shield Battery  
  120  7:40  Pylon  
  120  7:43  High Templar x2, Probe  
  125  7:47  Archon  
  125  7:53  Zealot x2  
  125  7:54  Zealot x2  
  125  7:55  Psionic Storm  
  125  7:58  Pylon, Immortal  
  137  8:13  Photon Cannon  
  137  8:16  High Templar x2, Photon Cannon  
  141  8:26  Photon Cannon  
  141  8:27  Zealot x3  
  139  8:37  Immortal  
  139  8:39  Zealot x3  
  149  8:51  Protoss Ground Weapons Level 2 (Chrono Boost)  
  145  8:57  Pylon, Photon Cannon  
  145  9:00  Pylon  
  135  9:15  Zealot x6  
  131  9:21  Immortal  
  129  9:30  Probe x2  
  118  9:38  High Templar  
  118  9:39  Nexus, High Templar x5  
  118  9:42  Pylon  
  118  9:43  Pylon  
  118  9:44  Nexus, Probe  
  125  9:47  Probe  
  126  9:55  Probe  
  126  9:56  Probe  
  128  10:00  Archon  
  128  10:02  Shield Battery  
  128  10:03  Observer  
  128  10:04  Photon Cannon  
  128  10:05  Photon Cannon  
  129  10:10  Gateway  
  129  10:15  Photon Cannon  
  129  10:18  Zealot x6  
  126  10:44  Immortal (Chrono Boost)  
  130  10:52  High Templar x6  
  130  10:55  Probe  
  143  10:57  Archon x2  
  143  10:58  Archon, Protoss Shields Level 1 (Chrono Boost)  
  143  10:59  Assimilator  
  143  11:00  Assimilator  
  143  11:04  Probe  
  143  11:07  Photon Cannon  
  143  11:08  Photon Cannon  
  143  11:09  Immortal (Chrono Boost)  
  143  11:10  Photon Cannon  
  148  11:11  Shield Battery  
  148  11:12  Probe x2  
  148  11:13  Pylon  
  142  11:26  Zealot x5  
  142  11:27  Zealot  
  148  11:42  Zealot  
  150  11:50  Zealot x6  
  150  11:53  Observer (Chrono Boost)  
  151  11:54  Probe  
  142  12:09  Immortal (Chrono Boost)  
  142  12:13  Probe  
  141  12:17  Probe  
  141  12:22  Robotics Facility  
  140  12:24  Robotics Facility  
  140  12:27  High Templar x7  
  152  12:32  Archon  
  152  12:33  Archon x2  
  152  12:36  Nexus  
  152  12:37  Pylon  
  152  12:38  Probe x2  
  152  12:40  Immortal (Chrono Boost)  
  152  12:43  Gateway  
  158  12:46  Gateway  
  154  12:53  Gateway  
  154  12:59  Shield Battery  
  154  13:00  Zealot x2, Photon Cannon  
  154  13:02  Photon Cannon  
  158  13:06  Warp Prism (Chrono Boost)  
  160  13:12  Zealot x3  
  160  13:13  Zealot  
  160  13:19  Immortal (Chrono Boost)  
  172  13:27  High Templar  
  172  13:28  High Templar x2  
  172  13:30  Probe  
  172  13:32  Pylon  
  169  13:35  Archon  
  169  13:37  Protoss Shields Level 2 (Chrono Boost)  
  169  13:42  Assimilator, Stargate  
  169  13:46  Assimilator  
  169  13:47  Forge  
  169  13:49  Zealot x4  
  169  13:50  Observer (Chrono Boost)  
  154  14:01  Immortal (Chrono Boost)  
  142  14:03  Immortal (Chrono Boost)  
  120  14:12  High Templar x6  
  120  14:16  Immortal  
  133  14:21  Archon x2  
  133  14:23  Zealot x2  
  139  14:25  Zealot x2  
  141  14:38  Immortal  
  102  14:46  Zealot x5  
  100  14:54  High Templar x4  
  100  14:57  Archon  
  102  15:01  Zealot, Archon  
  92  15:08  Zealot  
  92  15:09  Zealot x2  
  92  15:16  Immortal x2  
  92  15:17  High Templar  
  92  15:19  High Templar  
  104  15:23  Archon  
  104  15:24  High Templar  
  106  15:32  Zealot x2, Immortal  
  106  15:35  High Templar x2  
  112  15:40  High Templar  
  112  15:41  High Templar  
  116  15:44  Archon  
  116  15:48  Zealot  
  116  15:52  Zealot x2, Archon  
  116  15:55  Immortal (Chrono Boost)  
  116  15:56  Zealot  
  114  16:02  Immortal (Chrono Boost)  
  106  16:04  High Templar x2  
  106  16:08  Zealot x2  
  106  16:11  Archon  
  106  16:13  Zealot  
  106  16:14  Zealot  
  94  16:21  Zealot x2, High Templar x2  
  94  16:25  Archon  
  96  16:31  Zealot x2  
  90  16:35  High Templar x2  
  91  16:44  Zealot x4  
  95  16:53  Zealot x4  
Show
View Real Time Build Order
Export as new Build Order

Mixu Zerg - Winner!

Build Orders: Hatch First, Lurkers 

Get SALT Encoding   

  12  0:00  Drone  
  13  0:09  Drone  
  14  0:33  Hatchery  
  13  0:37  Drone  
  13  0:42  Extractor  
  13  0:43  Drone  
  15  0:51  Overlord  
  15  1:06  Spawning Pool  
  15  1:09  Drone  
  15  1:13  Drone  
  15  1:17  Drone  
  17  1:22  Drone  
  18  1:32  Drone  
  19  1:43  Drone  
  20  1:52  Queen x2  
  24  1:55  Drone x2  
  24  1:58  Drone  
  27  2:05  Drone  
  28  2:15  Overlord  
  28  2:23  Extractor x2  
  28  2:24  Drone x2  
  30  2:33  Queen x2  
  34  2:40  Hatchery  
  34  2:43  Drone  
  34  2:47  Overlord  
  34  2:52  Drone x2  
  36  3:06  Drone  
  36  3:07  Drone, Overlord  
  36  3:08  Drone x4  
  36  3:10  Drone  
  36  3:12  Drone  
  44  3:22  Extractor  
  44  3:23  Overlord  
  44  3:24  Drone  
  44  3:25  Queen  
  46  3:27  Zergling x2  
  46  3:29  Drone  
  46  3:32  Drone  
  49  3:35  Drone, Overlord  
  49  3:37  Drone  
  51  3:42  Drone  
  52  3:49  Drone  
  52  3:50  Drone x3  
  52  3:54  Extractor  
  55  3:56  Roach Warren  
  55  3:58  Queen  
  55  3:59  Drone x2  
  55  4:02  Overlord  
  58  4:10  Spore Crawler  
  57  4:19  Queen  
  57  4:20  Drone  
  57  4:21  Overlord  
  57  4:23  Extractor  
  59  4:30  Spore Crawler  
  58  4:39  Roach x7  
  58  4:40  Zergling x4  
  74  4:47  Overlord  
  74  4:56  Roach x4  
  81  5:01  Overlord  
  81  5:02  Roach x3  
  87  5:12  Extractor  
  87  5:13  Drone x2  
  88  5:19  Drone x3  
  88  5:20  Drone x8  
  88  5:21  Drone  
  100  5:22  Drone  
  100  5:23  Drone  
  100  5:24  Drone  
  103  5:29  Lair  
  103  5:37  Drone x2  
  103  5:38  Overlord x2  
  103  5:39  Extractor  
  104  5:45  Overlord x2  
  104  5:46  Drone  
  105  5:50  Evolution Chamber  
  105  5:51  Extractor  
  105  5:52  Overlord  
  105  5:53  Drone x2  
  105  6:00  Overlord  
  103  6:06  Drone  
  103  6:09  Overlord  
  112  6:11  Roach x5  
  112  6:13  Ravager  
  112  6:14  Ravager x2  
  112  6:16  Zerg Missile Weapons Level 1  
  118  6:18  Drone  
  118  6:19  Drone  
  118  6:20  Drone  
  118  6:21  Roach  
  122  6:26  Roach x3  
  122  6:31  Roach x3  
  134  6:32  Glial Reconstitution  
  134  6:37  Roach x2  
  138  6:40  Roach x2  
  138  6:45  Infestation Pit, Roach  
  143  6:47  Roach  
  143  6:50  Roach  
  143  6:51  Roach  
  147  6:54  Roach x2  
  147  6:55  Drone x2  
  147  7:00  Overlord  
  155  7:01  Roach x2  
  155  7:05  Roach  
  155  7:06  Roach  
  161  7:08  Overlord  
  160  7:17  Overlord  
  160  7:22  Roach x6  
  168  7:31  Drone, Hive  
  168  7:32  Drone x2  
  168  7:34  Overlord  
  171  7:42  Hatchery  
  171  7:43  Roach x2  
  174  7:49  Baneling Nest, Roach x3  
  174  7:50  Ravager  
  180  7:52  Ravager x2  
  180  7:53  Roach  
  184  7:59  Roach x3  
  184  8:02  Overlord  
  184  8:03  Ravager x3  
  193  8:09  Drone x3  
  193  8:11  Zerg Missile Weapons Level 2  
  194  8:18  Overlord  
  194  8:22  Roach x3  
  192  8:35  Roach  
  192  8:36  Roach x3  
  192  8:39  Hydralisk Den  
  199  8:41  Drone  
  200  8:55  Drone x4  
  200  9:01  Extractor x2  
  191  9:15  Roach x8  
  184  9:17  Roach x9  
  184  9:23  Hydralisk  
  188  9:24  Lurker Den  
  179  9:40  Drone x6  
  179  9:41  Drone x4  
  179  9:43  Muscular Augments  
  188  9:53  Viper x2  
  188  9:59  Infestor  
  196  10:11  Drone x3  
  197  10:15  Spore Crawler  
  194  10:23  Hatchery  
  194  10:27  Drone x5  
  192  10:29  Hydralisk x4  
  192  10:33  Zerg Missile Weapons Level 3, Seismic Spines  
  190  10:36  Drone x6  
  194  10:49  Lurker, Hydralisk x2  
  197  11:06  Drone x3  
  197  11:07  Spire  
  197  11:08  Lurker  
  190  11:19  Lurker x3  
  190  11:24  Hydralisk x6  
  191  11:27  Lurker  
  191  11:31  Overlord  
  190  11:33  Overlord  
  176  11:42  Hydralisk x4  
  172  11:51  Drone  
  172  11:53  Hydralisk x7  
  172  12:05  Drone  
  172  12:07  Drone x3  
  172  12:08  Drone x3  
  173  12:12  Drone x2  
  173  12:16  Lurker x4  
  177  12:22  Lurker  
  177  12:26  Corruptor, Extractor  
  177  12:28  Drone x4  
  183  12:32  Extractor  
  183  12:34  Drone x6  
  183  12:35  Spine Crawler x2, Drone x2  
  183  12:36  Spine Crawler  
  187  12:37  Spine Crawler  
  187  12:40  Lurker x2  
  188  12:57  Pneumatized Carapace  
  188  13:09  Drone x2  
  188  13:11  Spore Crawler  
  189  13:14  Infestor x2  
  189  13:15  Roach  
  189  13:16  Zerg Ground Armor Level 1  
  189  13:17  Lurker x2  
  196  13:22  Spine Crawler x2  
  196  13:26  Hatchery  
  193  13:29  Drone x5  
  193  13:30  Spine Crawler  
  193  13:31  Spine Crawler x3  
  194  13:40  Lurker x3  
  197  13:42  Drone x3  
  197  13:44  Greater Spire  
  197  13:45  Spore Crawler  
  197  13:46  Spire  
  177  13:58  Hydralisk x10  
  187  14:04  Hydralisk x3  
  187  14:06  Hydralisk  
  180  14:11  Hydralisk x2  
  180  14:14  Drone x2  
  180  14:15  Hydralisk x2  
  184  14:22  Hydralisk x3  
  184  14:23  Lurker  
  191  14:30  Hydralisk x2  
  187  14:33  Hydralisk x3  
  187  14:38  Hydralisk  
  173  14:41  Hydralisk x2  
  156  14:46  Hydralisk x3  
  156  14:48  Zergling x4  
  155  14:55  Zergling x12  
  160  15:02  Hydralisk  
  160  15:05  Hydralisk x3  
  161  15:10  Hydralisk x3  
  161  15:14  Hydralisk  
  161  15:15  Hydralisk  
  165  15:26  Hydralisk  
  165  15:27  Hydralisk x4  
  175  15:30  Grooved Spines  
  175  15:33  Hydralisk x2  
  173  15:36  Lurker x3  
  173  15:42  Hydralisk x3  
  182  15:43  Lurker  
  182  15:49  Hydralisk x2  
  177  15:50  Drone  
  163  15:57  Hydralisk x3  
  163  16:02  Hydralisk x3  
  168  16:08  Hydralisk x2  
  164  16:12  Hydralisk x2  
  164  16:16  Hydralisk x2  
  170  16:21  Lurker  
  170  16:22  Overseer  
  170  16:23  Hydralisk x2  
  168  16:29  Hydralisk x3  
  172  16:35  Hydralisk x2  
  176  16:40  Hydralisk x2  
  176  16:46  Hydralisk x3  
  173  16:56  Lurker  
  173  16:57  Lurker  
Tags
 
Add a new tag
Caveats
  • Supply blocks, unpowered buildings, or Contaminate may cause inaccurate times.
  • Supply counts are checked every 10 seconds.